 Dungeon Crawl Stone Soup version 0.30-a0-726-gd89dcf765f (webtiles) character file.

Game seed: 2659561617044433884

69 timneilson the Covered (level 4, -1/28 HPs)
             Began as a Gargoyle Fighter on Jan 29, 2023.
             Slain by a gnoll
             ... wielding a +0 club
              (3 damage)
             ... on level 2 of the Dungeon.
             The game lasted 00:02:09 (1295 turns).

timneilson the Covered (Gargoyle Fighter)           Turns: 1295, Time: 00:02:10

Health: -1/28      AC: 10    Str: 21    XL:     4   Next: 20%
Magic:  4/4        EV:  9    Int:  9    God:
Gold:   98         SH:  4    Dex:  9    Spells: 3/3 levels left

rFire   + . .      SeeInvis .    a - +1 long sword
rCold   + . .      Faith    .    c - +0 buckler
rNeg    + . .      Spirit   .    b - +0 scale mail
rPois   ∞          Reflect  .    (no helmet)
rElec   +          Harm     .    (no cloak)
rCorr   +          Rampage  .    (no gloves)
Will    .....                    (no boots) Stlth
                                 (no amulet)
HPRegen 0.24/turn                (no ring)
MPRegen 0.09/turn                (no ring)

@: resistant
A: sickness immunity, AC +3, negative energy resistance 1, electricity
resistance, torment resistance 1, petrification resistance
a: no special abilities


You were on level 2 of the Dungeon.
You visited 1 branch of the dungeon, and saw 2 of its levels.

You collected 98 gold pieces.

Inventory:

Hand Weapons
 a - a +1 long sword (weapon)
Armour
 b - a +0 scale mail (worn)
 c - a +0 buckler (worn)
Scrolls
 e - a scroll of noise
 g - 2 scrolls of vulnerability
 h - a scroll of teleportation
Potions
 d - a potion of might
 f - a potion of brilliance


   Skills:
 + Level 3.5 Fighting
 * Level 2.4 Long Blades
 * Level 4.0 Armour
 + Level 0.8 Dodging
 * Level 3.9 Shields


You had 3 spell levels left.
You didn't know any spells.
Your spell library contained the following spells:

 Spells                   Type           Power      Damage    Failure   Level
 Apportation              Tloc           0%         N/A       80%         1
 Necrotise                Necr           0%         1d4       80%         1
 Summon Small Mammal      Summ           0%         N/A       80%         1


Dungeon Overview and Level Annotations

Branches:
Dungeon (2/15)

Altars:
Dithmenos

Shops:
D:1 *:*


Innate Abilities, Weirdness & Mutations

You are immune to sickness and miasma.
Your stone body is resilient. (AC +3)
You are immune to poison.
You resist negative energy. (rN+)
You are resistant to electric shocks. (rElec)
You are resistant to unholy torment.
You are immune to petrification.


Message History

The gnoll hits you but does no damage. The rat barely misses you.
The rat bites you. The adder closely misses you.
You hit the gnoll.
You kill the gnoll!
The rat bites you but does no damage. The gnoll hits you with a +0 club.
The rat bites you but does no damage. You block the adder's attack.
The rat bites you but does no damage. x2
The gnoll hits you but does no damage. The rat bites you.
The adder barely misses you. The gnoll hits you but does no damage.
The rat barely misses you.
Your Armour skill increases to level 4!
You are too injured to fight recklessly!
You are too injured to fight recklessly!
You are too injured to fight recklessly!
You are too injured to fight recklessly!
You are too injured to fight recklessly!
You are too injured to fight recklessly!
You are too injured to fight recklessly!
You are too injured to fight recklessly!
Unknown command.
You barely miss the rat. The adder barely misses you.
The rat barely misses you. The gnoll hits you with a +0 club!
* * * LOW HITPOINT WARNING * * *
The rat closely misses you. The gnoll hits you with a +0 club.
* * * LOW HITPOINT WARNING * * *
The rat bites you.
* * * LOW HITPOINT WARNING * * *
Unknown command.
Okay, then.
It was a potion of resistance.
You feel protected. The adder barely misses you.
The rat bites you but does no damage. The gnoll hits you but does no damage.
You block the rat's attack. The rat bites you but does no damage.
The gnoll hits you but does no damage. The adder bites you but does no damage.
You hit the rat.
You kill the rat!
You block the rat's attack. The gnoll closely misses you.
The rat barely misses you. The gnoll hits you with a +0 club.
You die...

.....# #. #....# #.
#....# # #. #....# ?#
#. ###.####### ..# #.
#.......# ..# ###'
#.......####### ..
#...
#............r##.#
#..<
#......#####.g@Sg#
#... #.....[#
#..gr....... ####
#......# #....S.......
#......##....####.....
#.....)##....# .....
#......##..#.# #...
#......###.#.# .##
#.#.. #


You could see 3 gnolls, 2 adders and 2 rats.

Vanquished Creatures
  A gnoll (D:2)
  An adder (D:2)
  4 dart slugs (D:1)
  3 endoplasms
  A giant cockroach (D:1)
  3 goblins (D:1)
  3 hobgoblins (D:2)
  7 jackals (D:1)
  2 quokkas
  5 ball pythons
  3 bats
  A frilled lizard (D:1)
  2 kobolds (D:1)
  4 rats
40 creatures vanquished.

Notes
Turn   | Place    | Note
-------+----------+-------------------------------------------
     0 | D:1      | timneilson the Gargoyle Fighter began the quest for the
                  | Orb.
     0 | D:1      | Reached XP level 1. HP: 14/14 MP: 1/1
   224 | D:1      | Reached XP level 2. HP: 13/19 MP: 2/2
   450 | D:1      | Reached XP level 3. HP: 22/23 MP: 3/3
   597 | D:1      | Found Okiake's General Store.
   882 | D:1      | Found Idinonn's General Store.
   882 | D:1      | Found Ropsit's Book Shop.
  1194 | D:2      | Reached XP level 4. HP: 28/28 MP: 4/4
  1209 | D:2      | Found a shadowy altar of Dithmenos.
  1293 | D:2      | Reached skill level 4 in Armour
  1295 | D:2      | Slain by a gnoll

Illustrated notes

Levels and vault maps discovered:
D:1:      sevenhm_arrival_forest_fort_small_4, layout_loops_corners,
          serial_shops, shop, shop, nicolae_shop_crystal
D:2:      layout_basic, basic_altar, minmay_heptomino_l4

Skill      XL: |  1  2  3  4 |
---------------+-------------+-----
Long Blades    | 2 |  2.4
Armour         | 4 |  4.0
Fighting       | |  3.5
Dodging        | |  0.8
Shields        | |  3.9

Action                     |  1- 3 |  4- 6 || total
---------------------------+-------+-------++-------
  Melee: Long sword        |   120 |    21 ||   141
    Use: Scroll            |     6 |       ||     6
         Potion            |       |     1 ||     1
 Armour: Scale mail        |    67 |    36 ||   103
  Dodge: Dodged            |    61 |    26 ||    87
  Block: Buckler           |    29 |    10 ||    39

Table legend: (Time is in decaauts)
 A = Elapsed time spent in this place.
 B = Non-inter-level travel time spent in this place.
 C = Inter-level travel time spent in this place.
 D = Time resting spent in this place.
 E = Time spent auto-exploring this place.
 F = Levels seen in this place.
 G = Mean time per level.
                   A        B        C        D        E       F      G
               +--------+--------+--------+--------+--------+-----+--------+
         Total |   1353 |   1231 |    122 |      0 |    920 |   2 |  676.5 |
       Dungeon |   1353 |   1231 |    122 |      0 |    920 |   2 |  676.5 |
               +--------+--------+--------+--------+--------+-----+--------+

Top non-repeatable levels by time:
     D:1: 1119 daAuts
     D:2: 234 daAuts
